 Seeded DCSS version 0.30.1-9-gdf580d7c3d (webtiles) character file.

Game seed: 6351066067085065685 (custom seed)

23 Esekla the Magician (level 2, -2/15 HPs)
             Began as a Deep Elf Wanderer on Oct 17, 2023.
             Was an Initiate of Vehumet.
             Slain by an iguana (10 damage)
             ... on level 2 of the Dungeon.
             The game lasted 00:14:12 (1243 turns).

Esekla the Magician (Deep Elf Wanderer)             Turns: 1243, Time: 00:14:13

Health: -2/15      AC:  4    Str: 11    XL:     2   Next: 75%
Magic:  5/9        EV: 11    Int: 17    God:    Vehumet [......]
Gold:   143        SH:  3    Dex: 11    Spells: 6/10 levels left

rFire   . . .        a - +1 short sword (freeze)
rCold   . . .        d - +0 buckler
rNeg    . . .        c - +0 robe
rPois   .            l - +0 helmet
rElec   .            (no cloak)
rCorr   .            k - +0 pair of gloves
SInv    .            (no boots)
Will    .....        (no amulet)
Stlth   ++           (no ring)
HPRegen 0.22/turn    (no ring)
MPRegen 0.11/turn

%: no passive effects
@: on blink cooldown
A: no striking features
a: Renounce Religion


You were on level 2 of the Dungeon.
You worshipped Vehumet.
Vehumet was noncommittal.
You visited 1 branch of the dungeon, and saw 4 of its levels.

You collected 143 gold pieces.

Inventory:

Hand Weapons
 a - a +1 short sword of freezing (weapon)
 s - the +5 rapier of the Hero {heavy, rN+ Dex+3}
   (You found it on level 3 of the Dungeon)

   Dex:       It affects your dexterity (+3).
   rN:        It protects you from negative energy.
Armour
 c - a +0 robe (worn)
 d - a +0 buckler (worn)
 k - a +0 pair of gloves (worn)
 l - a +0 helmet (worn)
Wands
 i - a wand of roots (9)
Scrolls
 g - 2 scrolls of identify {unknown}
 n - 2 scrolls of enchant weapon {unknown}
 o - a scroll of amnesia {unknown}
 p - a scroll of immolation {unknown}
 q - a scroll of enchant armour {unknown}
Potions
 b - a potion of lignification
 e - a potion of ambrosia {unknown}
 f - 2 potions of attraction {unknown}
 h - a potion of heal wounds {unknown}
 j - a potion of curing {unknown}
 m - a potion of mutation {unknown}


   Skills:
 * Level 0.8 Dodging
 + Level 1.2 Stealth
 + Level 1.5 Shields
 * Level 4.8 Spellcasting
 + Level 1.1 Conjurations
 * Level 0.2 Necromancy
 + Level 2.7 Translocations
 + Level 1.0 Invocations


You had 6 spell levels left.
You knew the following spells:

 Your Spells              Type           Power      Damage    Failure   Level
a - Magic Dart            Conj           28%        1d4       14%         1
b - Blink                 Tloc           26%        N/A       11%         2
p - Apportation           Tloc           26%        N/A       7%          1

Your spell library contained the following spells:

 Spells                   Type           Power      Damage    Failure   Level
 Lesser Beckoning         Tloc           26%        N/A       11%         2
 Vampiric Draining        Necr           4%         2d6       50%         3
 Ignite Poison            Fire/Tmut/Pois 4%         N/A       54%         3


Dungeon Overview and Level Annotations

Branches:
Dungeon (4/15)
 Temple: D:4-7

Altars:
Okawaru
Vehumet
Zin

Shops:
D:2 =   D:4 (


Message History

Found a stone staircase leading up.
An iguana comes into view.
The iguana hisses angrily.
Casting: Apportation (safe; 7% risk of failure)
Confirm with . or Enter, or press ? or * to list all spells.
Aiming: Magic Dart (safe; 14% risk of failure)
Press: ? - help, Shift-Dir - straight line, f - iguana
Aim: an iguana (100% to hit)
The magic dart hits the iguana but does no damage.
Casting: Magic Dart (safe; 14% risk of failure)
Confirm with . or Enter, or press ? or * to list all spells.
Aiming: Magic Dart (safe; 14% risk of failure)
Press: ? - help, Shift-Dir - straight line, f/p - iguana
Aim: an iguana (100% to hit)
The magic dart hits the iguana.
The iguana is lightly wounded.
You hit the iguana but do no damage.
The iguana is lightly wounded.
The iguana barely misses you.
You barely miss the iguana.
The iguana is lightly wounded.
The iguana bites you.
Casting: Magic Dart (safe; 14% risk of failure)
Confirm with . or Enter, or press ? or * to list all spells.
You don't know that spell.
Unknown command.
Casting: Magic Dart (safe; 14% risk of failure)
Confirm with . or Enter, or press ? or * to list all spells.
You blink.
Found 6 poisoned darts.
You barely miss the iguana.
The iguana is lightly wounded.
The iguana bites you.
You hit the iguana. You freeze the iguana.
The iguana is moderately wounded.
The iguana closely misses you.
You hit the iguana but do no damage.
The iguana is moderately wounded.
The iguana bites you!
Ouch! That really hurt!
You die...

<.........#
........).# ####### #
#.######.#.####.....h
..
#...............#####
#.########.#.######
.... #.#.# #######
#8.#####.#.# #......
+....l...#.# #.#####
#8.#@#####.# #.#
#......# #.# #.#
#.....## #.####.###
.(..### #.##.....###
... #.##.......# ##
#.........†#
#.##.......#
#.##.....)##
#.####.##.#


You could see an iguana.

Vanquished Creatures
  An adder (D:2)
  An endoplasm (D:3)
  3 goblins
  3 hobgoblins
  A ball python (D:3)
  2 bats (D:3)
  A frilled lizard (D:3)
  3 kobolds
15 creatures vanquished.

Notes
Turn   | Place    | Note
-------+----------+-------------------------------------------
     0 | D:1      | Esekla the Deep Elf Wanderer began the quest for the Orb.
     0 | D:1      | Esekla set off with the following items: a +0 club, a
                  | potion of lignification, a +0 robe, a +0 buckler; and the
                  | following spells available to memorise: Apportation, Blink,
                  | Lesser Beckoning, Magic Dart, Ignite Poison, Vampiric
                  | Draining.
     0 | D:1      | Reached XP level 1. HP: 10/10 MP: 7/7
     2 | D:1      | Learned a level 1 spell: Magic Dart
     4 | D:1      | Learned a level 1 spell: Apportation
   241 | D:2      | Found Renulab's Jewellery Shop.
   389 | D:4      | Found a radiant altar of Vehumet.
   393 | D:4      | Became a worshipper of Vehumet
   410 | D:4      | Found an iron altar of Okawaru.
   421 | D:4      | Found a glowing silver altar of Zin.
   580 | D:4      | Found Ponaysk's Antique Weapon Boutique.
   840 | D:3      | Reached XP level 2. HP: 15/15 MP: 9/9
   843 | D:3      | Learned a level 2 spell: Blink
   892 | D:3      | Identified the +5 rapier of the Hero {heavy, rN+ Dex+3}
   898 | D:2      | You fall into a shaft and drop 1 floor!
   945 | D:3      | Reached skill level 1 in Conjurations
  1016 | D:2      | Noticed a black bear
  1243 | D:2      | Slain by an iguana

Illustrated notes

Levels and vault maps discovered:
D:1:      sevenhm_arrival_forest_fort_small_3, layout_rooms,
          chequers_serial_rivers_room_b, minmay_misc_feat_five
D:2:      layout_loops_ring, dreamdust_ecumenical_altar_angels_and_demons,
          serial_shops, shop
D:3:      layout_basic, grunt_temple_overflow_open, minmay_misc_feat_iff
D:4:      layout_basic, nicolae_overflow_quartered_altars, serial_shops,
          nicolae_diamond_shop

Skill      XL: |  1  2 |
---------------+-------+-----
Conjurations   | 1 |  1.1
Dodging        | |  0.8
Stealth        | |  1.2
Shields        | |  1.5
Spellcasting   | |  4.8
Necromancy     | |  0.2
Translocations | |  2.7
Invocations    | |  1.0

Action                     || total
---------------------------++-------
  Melee: Short sword       ||    30
   Cast: Magic Dart        ||    31
         Apportation       ||    23
         Blink             ||     1
    Use: Scroll            ||     1
 Armour: Robe              ||    18
  Dodge: Dodged            ||    25
  Block: Buckler           ||     2
